 Dungeon Crawl Stone Soup version 0.17-a0-2109-g117576f (webtiles) character file.

11515 Duffy the Blocker (level 12, -5/89 HPs)
             Began as a Formicid Fighter on Oct 19, 2015.
             Was the Champion of Cheibriados.
             Killed from afar by Harold (27 damage)
             ... with a bolt of fire
             ... on level 11 of the Dungeon.
             The game lasted 00:24:04 (12633 turns).

Duffy the Blocker (Formicid Fighter)               Turns: 12633, Time: 00:24:04

Health: -5/89      AC: 16    Str: 40    XL:     12   Next: 8%
Magic:  12/12      EV:  9    Int: 24    God:    Cheibriados [******]
Gold:   464        SH: 24    Dex: 25    Spells: 0 memorised, 11 levels left

rFire  . . .     SeeInvis +     G - +0 broad axe
rCold  . . .     Clarity  .     d - +0 chain mail {MR+}
rNeg   . . .     SustAt   .     o - +0 large shield
rPois  +         Gourm    .     (helmet unavailable)
rElec  .         Spirit   .     x - +1 cloak {rPois}
rCorr  +         Warding  .     c - +1 pair of gloves
rMut   .         Stasis   +     L - +0 pair of boots (curse)
MR     ++...                    F - amulet of resist corrosion
Stlth  ..........               (no ring)
                                b - ring of stealth

@: very slow, very resistant to hostile enchantments, extremely unstealthy
A: permanent stasis, dig shafts and tunnels, four strong arms, antennae 3
a: Dig, Shaft Self, Bend Time, Temporal Distortion, Slouch, Step From Time,
Renounce Religion


You were on level 11 of the Dungeon.
You worshipped Cheibriados.
Cheibriados was exalted by your worship.
You were not hungry.

You visited 2 branches of the dungeon, and saw 12 of its levels.

You collected 760 gold pieces.
You spent 296 gold pieces at shops.


Innate Abilities, Weirdness & Mutations

You are under a permanent stasis effect.
You can dig through walls and to a lower floor.
Your four strong arms can wield two-handed weapons with a shield.
You have a pair of large antennae on your head (SInv).


   Skills:
 - Level 6.4 Fighting
 + Level 11.6 Axes
 - Level 7.1 Armour
 + Level 14.3 Shields


You had 11 spell levels left.
You didn't know any spells.

Inventory:

Hand Weapons
 E - a +0 blowgun
 G - a +0 broad axe (weapon)
Missiles
 g - 385 stones (quivered)
 w - 76 poisoned needles
 y - 3 throwing nets
 z - 7 javelins
Armour
 c - a +1 pair of gloves (worn)
 d - a +0 chain mail of magic resistance (worn)
 i - a +0 plate armour
 o - a +0 large shield (worn)
 x - a +1 cloak of poison resistance (worn)
 L - a cursed +0 pair of boots (worn)
Jewellery
 b - a ring of stealth (left hand)
 F - an amulet of resist corrosion (around neck)
Wands
 k - a wand of cold (15)
 C - a wand of digging (16)
 J - a wand of paralysis (12)
 K - a wand of cold (9)
Scrolls
 a - 2 scrolls of enchant weapon {unknown}
 f - 10 scrolls of remove curse
 n - 2 scrolls of fog {unknown}
 q - 2 scrolls of immolation
 s - 2 scrolls of magic mapping {unknown}
 t - 2 scrolls of recharging
 D - a scroll of silence {unknown}
 H - 3 scrolls of enchant armour
 I - a scroll of fear {unknown}
 M - a scroll of holy word {unknown}
Potions
 j - 3 potions of heal wounds
 l - a potion of invisibility
 m - 2 potions of agility
 r - 5 potions of curing
 B - a potion of lignification
Comestibles
 e - 8 bread rations
 h - 8 fruits
 u - 8 royal jellies
 v - 8 meat rations
 A - a beef jerky

Dungeon Overview and Level Annotations

Branches:
Dungeon (11/15)            Temple (1/1) D:5            Lair (0/8) D:9
    Orc: D:9-12

Altars:
Ashenzari
Cheibriados
Dithmenos
Elyvilon
Fedhas
Gozag
Kikubaaqudgha
Makhleb
Nemelex Xobeh
Okawaru
Qazlal
Ru
Sif Muna
Trog
Vehumet
Xom
Yredelemnul
Zin
The Shining One

Shops:
D:7 (}%[*   D:10 [

Annotations:
D:4 1 runed door
D:7 Joseph
D:11 Harold


Message History

The giant frog skeleton hits you but does no damage.
Harold casts a spell at you. The bolt of fire hits you!
You are too injured to fight recklessly!
You are too injured to fight recklessly!
You are too injured to fight recklessly!
You are too injured to fight recklessly!
You are too injured to fight recklessly!
You are too injured to fight recklessly!
You are too injured to fight recklessly!
You are too injured to fight recklessly!
You are too injured to fight recklessly!
You are too injured to fight recklessly!
You are too injured to fight recklessly!
You are too injured to fight recklessly!
You are too injured to fight recklessly!
You are too injured to fight recklessly!
You are too injured to fight recklessly!
You are too injured to fight recklessly!
You are too injured to fight recklessly!
You are too injured to fight recklessly!
You are too injured to fight recklessly!
You are too injured to fight recklessly!
You slash Harold!
Harold is moderately wounded.
You slash the giant frog skeleton!
You destroy the giant frog skeleton!
Cheibriados appreciates the change of pace.
Harold casts a spell at you. The bolt of fire hits you!
You barely miss Harold.
Harold is moderately wounded.
Harold gestures at you while chanting. The bolt of fire hits you!
You die...

###########
#...$.....#
{
+.........#
#...@.....#
#...@.....+
#..<......#
#.........#
#.........#
#.........#
#.........#
#.........#
########+##


You could see Harold.

Action                   |  1- 3 |  4- 6 |  7- 9 | 10-12 || total
-------------------------+-------+-------+-------+-------++-------
Melee: War axe           |    88 |   178 |   433 |       ||   699
       Broad axe         |       |       |    66 |   632 ||   698
 Fire: Blowgun           |       |       |       |     3 ||     3
 Abil: Dig               |     5 |     3 |     7 |     8 ||    23
  Use: Scroll            |     5 |       |     3 |     9 ||    17
       Potion            |       |     1 |       |       ||     1
 Stab: Distracted        |       |       |     1 |       ||     1
  Eat: Chunk             |     2 |     5 |    14 |     9 ||    30
       Fruit             |       |       |     2 |     2 ||     4

Notes
Turn   | Place    | Note
--------------------------------------------------------------
     0 | D:1      | Duffy the Formicid Fighter began the quest for the Orb.
     0 | D:1      | Reached XP level 1. HP: 18/18 MP: 1/1
   257 | D:1      | Reached XP level 2. HP: 20/24 MP: 2/2
   360 | D:1      | Reached skill level 4 in Shields
   651 | D:1      | Reached XP level 3. HP: 29/29 MP: 3/3
  1072 | D:2      | Reached skill level 3 in Axes
  1397 | D:2      | Reached XP level 4. HP: 35/35 MP: 4/4
  1882 | D:2      | Found an iron altar of Okawaru.
  1886 | D:2      | Found a bloodstained altar of Trog.
  2109 | D:3      | Noticed Sigmund
  2131 | D:3      | Killed Sigmund
  2131 | D:3      | Reached skill level 6 in Shields
  2131 | D:3      | Reached XP level 5. HP: 35/41 MP: 5/5
  2131 | D:3      | Reached XP level 6. HP: 40/47 MP: 6/6
  2186 | D:3      | Noticed Duffy's ghost (amateur FoFi)
  2203 | D:3      | Killed Duffy's ghost
  2203 | D:3      | Reached skill level 7 in Shields
  2204 | D:3      | Reached skill level 4 in Axes
  2254 | D:3      | Found an ancient bone altar of Kikubaaqudgha.
  2326 | D:3      | Noticed Robin
  2352 | D:3      | Killed Robin
  2577 | D:3      | Found a shadowy altar of Dithmenos.
  2598 | D:3      | Reached XP level 7. HP: 52/52 MP: 7/7
  2616 | D:3      | Found a radiant altar of Vehumet.
  2884 | D:4      | Found a glowing golden altar of the Shining One.
  2884 | D:4      | Noticed an angel
  2885 | D:4      | Found a runed door.
  2908 | D:4      | Noticed radek's ghost (amateur DECj)
  2937 | D:4      | Killed radek's ghost
  2937 | D:4      | Reached skill level 4 in Armour
  3755 | D:4      | Found a deep blue altar of Sif Muna.
  3756 | D:4      | Found a glowing silver altar of Zin.
  3867 | D:4      | Noticed Crazy Yiuf
  4128 | D:4      | Killed Crazy Yiuf
  4280 | D:4      | Reached skill level 5 in Axes
  4499 | D:5      | Entered Level 5 of the Dungeon
  4600 | D:5      | Found a staircase to the Ecumenical Temple.
  4614 | Temple   | Entered the Ecumenical Temple
  4712 | Temple   | Became a worshipper of Cheibriados the Contemplative
  4750 | D:5      | Reached XP level 8. HP: 42/58 MP: 8/8
  4965 | D:5      | Reached skill level 8 in Shields
  5279 | D:5      | Reached skill level 6 in Axes
  5550 | D:5      | Noticed Prince Ribbit
  5788 | D:6      | Reached * piety under Cheibriados
  5880 | D:6      | Reached skill level 9 in Shields
  6174 | D:7      | Noticed Joseph
  6325 | D:6      | Reached skill level 7 in Axes
  6383 | D:6      | Reached XP level 9. HP: 64/64 MP: 9/9
  6388 | D:7      | Found Isisheqo's Food Shop.
  6442 | D:7      | Reached ** piety under Cheibriados
  6549 | D:7      | Found Diocvin's Gadget Shop.
  6558 | D:7      | Reached skill level 10 in Shields
  6836 | D:7      | Reached skill level 8 in Axes
  7028 | D:7      | Found Sitautu's Antique Weapon Shop.
  7036 | D:7      | Bought a broad axe for 76 gold pieces
  7181 | D:7      | Found Fapp's General Store.
  7204 | D:7      | Bought a scroll of enchant armour for 90 gold pieces
  7261 | D:7      | Found Keps's Armour Emporium.
  7427 | D:8      | Reached skill level 11 in Shields
  7446 | D:8      | Reached *** piety under Cheibriados
  7574 | D:8      | Reached skill level 5 in Armour
  7576 | D:8      | Reached skill level 4 in Fighting
  7593 | D:8      | Found a sacrificial altar of Ru.
  7660 | D:8      | Reached XP level 10. HP: 71/71 MP: 10/10
  7872 | D:9      | Reached skill level 5 in Fighting
  7928 | D:9      | Reached skill level 9 in Axes
  7933 | D:9      | Reached skill level 6 in Armour
  7948 | D:9      | Reached **** piety under Cheibriados
  8099 | D:9      | Reached skill level 6 in Fighting
  8099 | D:9      | Reached skill level 12 in Shields
  8246 | D:9      | Reached skill level 7 in Armour
  8565 | D:9      | Reached XP level 11. HP: 83/83 MP: 11/11
  8765 | D:9      | Reached ***** piety under Cheibriados
  8769 | D:9      | Reached skill level 10 in Axes
  9140 | D:10     | Entered Level 10 of the Dungeon
  9198 | D:10     | Noticed a hill giant
  9217 | D:10     | Reached skill level 13 in Shields
  9226 | D:10     | Killed a hill giant
  9716 | D:10     | Found Xatuaher's Antique Armour Boutique.
  9723 | D:10     | Bought a pair of glowing gloves for 130 gold pieces
  9935 | D:10     | Noticed Nergalle
  9945 | D:10     | Killed Nergalle
 10083 | D:10     | Reached ****** piety under Cheibriados
 10252 | D:9      | Found a staircase to the Lair.
 10353 | D:9      | Reached skill level 11 in Axes
 10865 | D:5      | Killed Prince Ribbit
 12054 | D:8      | Found a blossoming altar of Fedhas.
 12238 | D:8      | Reached skill level 14 in Shields
 12239 | D:8      | Noticed a queen bee
 12283 | D:8      | Reached XP level 12. HP: 61/89 MP: 12/12
 12300 | D:8      | Killed a queen bee
 12625 | D:11     | Noticed Harold
 12633 | D:11     | Killed from afar by Harold

Vault maps used:
D:1:      sevenhm_arrival_forest_fort_small_6
D:2:      kennysheep_six_static_rooms, minitemple, minivault_19
D:3:      fiery_altar_vehumet, nicolae_overflow_crystal_walls,
          lemuel_round_altar, first_bread, uniq_robin, uniq_sigmund
D:4:      gammafunk_temple_overflow_pools, minivault_4, lemuel_angel_altar,
          uniq_crazy_yiuf_cottage
D:5:      minmay_temple_entry_overgrown, uniq_prince_ribbit1
D:6:      lemuel_castle_with_subvaults
D:7:      serial_shops, shop_fountains, nicolae_shop_trees, shop,
          kennysheep_mini, shop_coins, uniq_joseph
D:8:      basic_altar, roderic_roman_lattice, david_nohive_1, fedhas_altar_2
D:9:      erik_lair_island, special_room, minmay_tree_intersection
D:10:     serial_shops, shop, uniq_nergalle
D:11:     david_orc_4, serial_shops, shop, shop, serial_curves, eino_curves_03,
          eino_curves_03, portal_ice_cave_entry_pillars_01, uniq_fannar,
          uniq_harold, uniq_maurice
Temple:   circular_temple_12

Vanquished Creatures
  Nergalle
  A hill giant
  4 trolls
  A queen bee Prince Ribbit
  2 two-headed ogres Sigmund
  4 yaks
  A steam dragon
  A hungry ghost
  A hippogriff
  5 wolves
  The ghost of radek the Conjurer, an amateur DECj
  6 sky beasts
  A water moccasin
  8 orc warriors
  4 ice beasts
  A necrophage
  The ghost of Duffy the Shield-Bearer, an amateur FoFi
  5 centaurs
  3 phantoms
  4 ogres
  2 big kobolds
  4 giant frogs
  2 gnoll sergeants
  2 jellies
  A wyvern skeleton
  20 killer bees
  4 scorpions
  6 wights
  An electric eel
  3 crimson imps
  4 orc priests
  10 orc wizards
  2 gnoll shamans Crazy Yiuf
  5 hounds
  4 giant frog skeletons
  An iguana
  8 worker ants
  A hound zombie
  2 hound skeletons Robin
  3 worker ant zombies
  51 gnolls
  13 adders
  2 shadow imps
  2 oozes
  An adder skeleton
  A worm
  4 giant geckos
  57 orcs
  3 giant cockroaches
  12 hobgoblins
  8 quokkas
  3 ball pythons
  9 bats
  A giant gecko zombie
  7 giant newts
  19 goblins
  28 jackals
  25 kobolds
  A quokka skeleton
  2 quokka zombies
  10 rats
403 creatures vanquished.
